 Dungeon Crawl Stone Soup version 0.28.0-53-g5a82cb258f (webtiles) character file.

Game seed: 17488803488143557910

2562 Ashen the Ogre Mage (level 9, -17/88 HPs)
             Began as an Ogre Hedge Wizard on June 26, 2022.
             Was an Initiate of Vehumet.
             Demolished by Menkaure (19 damage)
             ... on level 7 of the Dungeon.
             The game lasted 00:20:36 (10664 turns).

Ashen the Ogre Mage (Ogre Hedge Wizard)            Turns: 10664, Time: 00:20:43

Health: -17/88     AC:  6    Str: 16    XL:     9   Next: 56%
Magic:  18/18      EV: 10    Int: 19    God:    Vehumet [......]
Gold:   117        SH:  0    Dex:  8    Spells: 12/20 levels left

rFire   . . .      SeeInvis .   B - +1 giant spiked club (freeze)
rCold   + . .      Faith    .   (shield currently unavailable)
rNeg    . . .      Spirit   .   b - +0 robe
rPois   +          Reflect  .   c - +0 hat
rElec   .          Harm     .   t - +2 cloak {rPois}
rCorr   .          Rampage  .   (gloves unavailable)
Will    .....                   (boots unavailable)
Stlth   ++........              w - amulet of magic regeneration
HPRegen 0.24/turn               i - ring of protection from cold
MPRegen 0.56/turn               (no ring)

@: no status effects
A: large, unfitting armour, tough skin 1
a: Renounce Religion


You were on level 7 of the Dungeon.
You worshipped Vehumet.
Vehumet was noncommittal.
You visited 2 branches of the dungeon, and saw 8 of its levels.

You collected 351 gold pieces.
You spent 234 gold pieces at shops.

Inventory:

Hand Weapons
 e - a +0 flail
 h - a +0 whip
 l - a +1 dagger of venom
 m - the +6 short sword "Ynecov" {speed, +Blink rElec Will+ Int-5}
   (You took it off a gnoll on level 2 of the Dungeon)

   Attacks with this weapon are significantly faster.
   Int:       It affects your intelligence (-5).
   rElec:     It insulates you from electricity.
   +Blink:    It lets you blink.
   Will:      It increases your willpower.
 B - a +1 giant spiked club of freezing (weapon)
 D - a +2 flail of protection
Missiles
 z - 4 throwing nets
Armour
 b - a +0 robe (worn)
 c - a +0 hat (worn)
 t - a +2 cloak of poison resistance (worn)
Jewellery
 i - a ring of protection from cold (left hand)
 u - a ring of ice
 w - an amulet of magic regeneration (around neck)
Wands
 y - a wand of acid (1)
 A - a wand of paralysis (7)
Scrolls
 g - 2 scrolls of teleportation
 o - a scroll of magic mapping
 p - a scroll of enchant armour
 s - 2 scrolls of fog
 v - a scroll of immolation {unknown}
Potions
 a - a potion of resistance
 d - a potion of brilliance {unknown}
 f - a potion of cancellation {unknown}
 j - 4 potions of flight
 k - a potion of heal wounds
 n - 4 potions of attraction
 q - 5 potions of curing
 r - 2 potions of degeneration
 x - a potion of ambrosia


   Skills:
 - Level 5.0 Fighting
 + Level 3.9 Maces & Flails
 + Level 4.6 Dodging
 + Level 4.2 Stealth
 - Level 6.0 Spellcasting
 + Level 4.3 Conjurations
 - Level 2.0 Summonings
 - Level 2.0 Translocations
 + Level 3.9 Air Magic
 - Level 2.0 Poison Magic


You had 12 spell levels left.
You knew the following spells:

 Your Spells              Type           Power      Damage    Failure   Level
a - Magic Dart            Conj           88%        1d7       1%          1
b - Call Imp              Summ           13%        N/A       8%          2
c - Blink                 Tloc           26%        N/A       8%          2
d - Mephitic Cloud        Conj/Pois/Air  18%        N/A       9%          3

Your spell library contained the following spells:

 Spells                   Type           Power      Damage    Failure   Level
 Sting                    Tmut/Pois      36%        1d4       8%          1
 Animate Skeleton         Necr           10%        N/A       11%         1
 Pain                     Necr           20%        1d5       11%         1
 Slow                     Hex            20%        N/A       11%         1
 Conjure Flame            Conj/Fire      13%        6-21      14%         3
 Airstrike                Air            10%        N/A       22%         4
 Vampiric Draining        Necr           5%         2d6       32%         3
 Summon Lightning Spire   Summ/Air       16%        N/A       32%         4
 Lightning Bolt           Conj/Air       10%        1d23      50%         5


Dungeon Overview and Level Annotations

Branches:
Dungeon (7/15)             Temple (1/1) D:5

Altars:
Ashenzari
Cheibriados
Dithmenos
Elyvilon
Fedhas
Gozag
Hepliaklqana
Kikubaaqudgha
Makhleb
Nemelex Xobeh
Okawaru
Ru
Sif Muna
Trog
Uskayaw
Vehumet
Wu Jian
Xom
Yredelemnul
Zin
The Shining One

Shops:
D:3 =   D:4 !   D:6 *(*:=

Annotations:
D:5 Grinder
D:7 Menkaure


Innate Abilities, Weirdness & Mutations

You are too large for most types of armour.
You have tough skin. (AC +1)


Message History

Items here: (( ))).
Okay, then.
You see here a +0 plate armour.
You now have 117 gold pieces (gained 12).
Items here: (( ))).
Casting: Mephitic Cloud (dangerous; 9% risk of failure)
Confirm with . or Enter, or press ? or * to list all spells.
A beastly little devil appears in a puff of flame.
Menkaure shouts!
Menkaure gestures wildly while chanting.
Menkaure seems to speed up.
Menkaure points at you and mumbles some strange words.
Pain shoots through your body!
Your crimson imp hits Menkaure.
Menkaure rustles a few words.
Menkaure barely misses you.
You barely miss Menkaure.
Menkaure is moderately damaged.
Your crimson imp hits Menkaure.
Menkaure points at you and mumbles some strange words.
Pain shoots through your body!
Your crimson imp blinks!
Menkaure calls on the powers of darkness!
Your body is wracked with pain!
You hit Menkaure. You freeze Menkaure.
Menkaure is severely damaged.
Menkaure hits you!
You barely miss Menkaure.
Menkaure is severely damaged.
Menkaure hits you. Menkaure casts a spell at you.
Pain shoots through your body!
* * * LOW HITPOINT WARNING * * *
You barely miss Menkaure.
Menkaure is severely damaged.
Menkaure hits you!!
* * * LOW HITPOINT WARNING * * *
Your crimson imp hits Menkaure but does no damage.
Menkaure hits you!!
You die...

######.#...)))...##.#
....##.###†.#.......#
##.....)...).....####
##..##.#########.#
##...#.# #.# ##.#.#.#
##.## ##.....# #...#
####.### #...# ####.#
#.@.# ..##.####
#####M..#####
#.......###...5.......#
##.....................
#..#.##.###...........#
..##..#.# #####...#####
#<###.#.# #...#
#.###.#.# ##...###
#.......# #......# #..


You could see Menkaure (fast, ally target) and a friendly crimson imp
(summoned).

Vanquished Creatures
  A manticore (D:7)
  Prince Ribbit (D:7)
  Sigmund (D:2)
  A wraith (D:6)
  A sky beast (D:7)
  2 ogres
  2 black bears
  3 phantoms
  A centaur (D:5)
  2 kobold brigands (D:7)
  A scorpion (D:5)
  A water moccasin zombie (D:5)
  A water moccasin skeleton (D:6)
  2 bullfrog zombies (D:6)
  2 centaur zombies (D:7)
  Crazy Yiuf (D:3)
  A hound (D:6)
  A centaur skeleton (D:7)
  An orc priest (D:4)
  A scorpion zombie (D:5)
  Natasha (thrice) (D:3)
  2 orc wizards (D:5)
  2 hound skeletons
  3 gnolls
  A howler monkey skeleton (D:6)
  5 adders
  A shadow imp (D:7)
  An adder zombie (D:5)
  2 worms
  5 dart slugs
  4 orcs (D:4)
  7 endoplasms
  7 giant cockroaches
  6 hobgoblins
  7 quokkas
  10 ball pythons
  3 bats
  5 frilled lizards
  6 goblins
  18 kobolds
  5 rats
130 creatures vanquished.

Vanquished Creatures (others)
  A quokka (D:3)
  2 fungi
  2 plants (D:2)
5 creatures vanquished.

Grand Total: 135 creatures vanquished

Notes
Turn   | Place    | Note
-------+----------+-------------------------------------------
     0 | D:1      | Ashen the Ogre Hedge Wizard began the quest for the Orb.
     0 | D:1      | Reached XP level 1. HP: 16/16 MP: 5/5
   129 | D:1      | Reached skill level 1 in Conjurations
   225 | D:1      | Reached skill level 1 in Summonings
   225 | D:1      | Reached skill level 1 in Translocations
   227 | D:1      | Reached XP level 2. HP: 26/26 MP: 1/6
   701 | D:1      | Reached skill level 4 in Spellcasting
   715 | D:1      | Reached XP level 3. HP: 31/32 MP: 2/8
  1391 | D:2      | Learned a level 2 spell: Call Imp
  1394 | D:2      | Learned a level 2 spell: Blink
  1398 | D:2      | Learned a level 3 spell: Mephitic Cloud
  1460 | D:2      | Noticed Sigmund
  1591 | D:2      | Found a faded altar of an unknown god.
  1719 | D:2      | Reached XP level 4. HP: 37/40 MP: 10/10
  1952 | D:2      | Reached skill level 1 in Fighting
  1952 | D:2      | Identified the +6 short sword "Ynecov" {speed, +Blink rElec
                  | Will+ Int-5}
  2409 | D:2      | Killed Sigmund
  2410 | D:2      | Reached skill level 1 in Maces & Flails
  2410 | D:2      | Reached skill level 1 in Poison Magic
  2410 | D:2      | Reached XP level 5. HP: 35/49 MP: 9/12
  2410 | D:2      | Reached XP level 6. HP: 41/57 MP: 9/13
  3030 | D:2      | Found an opulent altar of Gozag.
  3391 | D:3      | Found Dayr's Jewellery Boutique.
  3432 | D:3      | Found a shadowy altar of Dithmenos.
  3560 | D:3      | Noticed Natasha
  3565 | D:3      | Killed Natasha
  3878 | D:3      | Found a white marble altar of Elyvilon.
  3955 | D:3      | Noticed Natasha
  3966 | D:3      | Killed Natasha
  3967 | D:3      | Reached skill level 1 in Air Magic
  4005 | D:3      | Noticed Natasha
  4019 | D:3      | Killed Natasha
  4235 | D:3      | Found a snail-covered altar of Cheibriados.
  4425 | D:3      | Found a runed translucent door.
  4426 | D:3      | Noticed Crazy Yiuf
  4484 | D:3      | Killed Crazy Yiuf
  4485 | D:3      | Reached skill level 5 in Spellcasting
  4884 | D:4      | You fall into a shaft and drop 2 floors!
  4884 | D:6      | Found Wuemucem's Jewellery Emporium.
  4898 | D:5      | Entered Level 5 of the Dungeon
  4984 | D:5      | Reached XP level 7. HP: 26/66 MP: 5/14
  5416 | D:5      | Found a shimmering blue altar of Sif Muna.
  5449 | D:5      | Got Sif Muna's Tome of Transformation
  5685 | D:4      | Found Piedo's Distillery.
  6163 | D:4      | Bought a potion of ambrosia for 104 gold pieces
  6163 | D:4      | Bought a potion of degeneration for 13 gold pieces
  6163 | D:4      | Bought 2 potions of flight for 78 gold pieces
  7135 | D:5      | Found a staircase to the Ecumenical Temple.
  7221 | D:5      | Reached XP level 8. HP: 55/75 MP: 16/16
  7242 | Temple   | Entered the Ecumenical Temple
  7439 | Temple   | Became a worshipper of Vehumet
  7806 | D:5      | Noticed Grinder
  7809 | D:5      | Reached skill level 6 in Spellcasting
  8531 | D:6      | Found Ikhlid's General Store.
  8535 | D:6      | Bought a scroll of teleportation for 39 gold pieces
  8579 | D:6      | Noticed a wraith
  8729 | D:6      | Found Eteopnuc's Book Shop.
  8882 | D:6      | Killed a wraith
  9093 | D:6      | Found Qeaz's General Store.
  9167 | D:6      | Found Sonoriro's Weapon Shoppe.
  9418 | D:7      | Reached XP level 9. HP: 82/87 MP: 18/18
  9423 | D:7      | Noticed a manticore
  9423 | D:7      | Noticed Menkaure
  9650 | D:7      | Reached skill level 5 in Fighting
 10192 | D:7      | Killed a manticore
 10329 | D:7      | Found a broken altar of Ashenzari.
 10522 | D:7      | Noticed Prince Ribbit
 10530 | D:7      | Killed Prince Ribbit
 10664 | D:7      | HP: 2/88 [Menkaure (19)]
 10664 | D:7      | Demolished by Menkaure

Illustrated notes

Levels and vault maps discovered:
D:1:      dpeg_arrival_central, layout_basic
D:2:      layout_basic, shapermc_ecumenical_altar_acropolis, basic_altar,
          uniq_sigmund
D:3:      layout_basic, nicolae_dithmenos_through_a_glass_darkly,
          kennysheep_slug_shrine, elyvilon_altar_4, serial_shops,
          nicolae_shop_trees, kennysheep_small_spiral, uniq_crazy_yiuf_cottage,
          uniq_natasha
D:4:      layout_gridville, serial_shops, nicolae_shop_hallway_stairs,
          minivault_25
D:5:      layout_loops_corners, led_sif_book, minmay_temple_entry_glassed_door,
          chequers_garden, uniq_grinder
D:6:      layout_basic, serial_shops, nicolae_shop_stone, nicolae_shop_crystal,
          nicolae_shop_hallway_stairs, nicolae_square_shop, kennysheep_mini
D:7:      layout_loops_cross, ashenzari_altar_1, uniq_menkaure,
          uniq_prince_ribbit1
Temple:   regret_index_temple_waves

Skill      XL: |  1  2  3  4  5  6  7  8  9 |
---------------+----------------------------+-----
Conjurations   | 1 2 3 4 |  4.3
Summonings     | 1 2 |  2.0
Translocations | 1 2 |  2.0
Spellcasting   | 4 5 6 |  6.0
Dodging        | 2 3 4 |  4.6
Fighting       | 1 2 3 4 5 |  5.0
Maces & Flails | 1 2 3 |  3.9
Stealth        | 2 3 4 |  4.2
Poison Magic   | 1 2 |  2.0
Air Magic      | 1 3 |  3.9

Action                   |  1- 3 |  4- 6 |  7- 9 || total
-------------------------+-------+-------+-------++-------
Melee: Dagger            |    40 |    99 |   109 ||   248
       Whip              |     4 |       |       ||     4
       Punch             |     1 |     2 |     3 ||     6
       Giant spiked club |       |       |    61 ||    61
 Cast: Magic Dart        |    78 |    59 |   173 ||   310
       Mephitic Cloud    |       |     3 |    16 ||    19
       Call Imp          |       |     5 |    17 ||    22
       Blink             |       |     2 |    18 ||    20
  Use: Potion            |       |     1 |       ||     1
       Scroll            |       |       |    11 ||    11
 Stab: Sleeping          |     1 |     1 |     3 ||     5
       Confused          |       |     2 |     1 ||     3
       Distracted        |       |       |     1 ||     1
Armor: Robe              |    11 |    16 |    86 ||   113
Dodge: Dodged            |    21 |    43 |   144 ||   208
